 Dungeon Crawl Stone Soup version 0.19.0-11-g3fc08b3 (webtiles) character file.

161 Rrauwl the Slasher (level 5, -2/47 HPs)
             Began as a Minotaur Berserker on Nov 9, 2016.
             Was a Believer of Trog.
             Killed from afar by an orc wizard (6 damage)
             ... with a puff of frost
             ... on level 3 of the Dungeon.
             The game lasted 00:15:07 (1629 turns).

Rrauwl the Slasher (Minotaur Berserker)             Turns: 1629, Time: 00:15:08

Health: -2/47      AC:  7    Str: 22    XL:     5   Next: 18%
Magic:  4/4        EV:  7    Int:  4    God:    Trog [**....]
Gold:   67         SH: 18    Dex: 10    Spells: 0 memorised, 4 levels left

rFire  . . .     SeeInvis .     a - +1 falchion
rCold  . . .     Gourm    .     i - +0 ring mail
rNeg   . . .     Faith    .     s - +0 large shield
rPois  .         Spirit   .     (helmet restricted)
rElec  .         Reflect  +     (no cloak)
rCorr  +         Harm     .     (no gloves)
MR     .....                    f - +1 pair of boots
Stlth  +.........               e - +6 amulet of reflection
                                (no ring)
                                h - ring of resist corrosion

@: no status effects
A: retaliatory headbutt, horns 2
a: Berserk, Trog's Hand, Burn Spellbooks, Renounce Religion


You were on level 3 of the Dungeon.
You worshipped Trog.
Trog was pleased with you.
You were not hungry.

You visited 1 branch of the dungeon, and saw 3 of its levels.

You collected 67 gold pieces.

Inventory:

Hand Weapons
 a - a +1 falchion (weapon)
 d - a +0 whip
 j - a +0 whip
 q - a +0 hunting sling
 t - a +0 whip
Missiles
 b - 35 bolts
 k - 28 stones (quivered)
 l - 67 arrows
 r - 20 sling bullets
Armour
 f - a +1 pair of boots (worn)
 i - a +0 ring mail (worn)
 s - a +0 large shield (worn)
Jewellery
 e - a +6 amulet of reflection (around neck)
 g - a cursed amulet of regeneration
 h - a ring of resist corrosion (left hand)
 v - a cursed +4 ring of dexterity
 w - an uncursed ring of wizardry {unknown}
Wands
 u - a wand of polymorph (18/24)
Scrolls
 c - a scroll of enchant armour
 m - 3 scrolls of enchant weapon
 o - a scroll of remove curse
 p - a scroll of teleportation
Comestibles
 n - a bread ration


   Skills:
 + Level 4.4 Fighting
 + Level 5.3 Long Blades
 + Level 3.4 Armour
 + Level 3.0 Dodging
 + Level 0.8 Stealth
 + Level 0.2 Shields


You had 4 spell levels left.
You didn't know any spells.

Dungeon Overview and Level Annotations

Branches:
Dungeon (3/15)

Altars:


Innate Abilities, Weirdness & Mutations

You reflexively headbutt those who attack you in melee.
You have a pair of horns on your head.


Message History

Something hits you but does no damage.
You hit something but do no damage. Something hits you but does no damage.
You hear some strange, mumbled words.
A puff of flame appears from out of thin air!
The puff of flame hits you!
* * * LOW HITPOINT WARNING * * *
You closely miss something. Something hits you but does no damage.
You block something's attack.
You hit something but do no damage. Your headbutt misses something.
Something hits you.
* * * LOW HITPOINT WARNING * * *
Something hits you but does no damage.
You miss something. Your headbutt misses something.
Something hits you but does no damage. x2
You closely miss something. You block something's attack.
You miss something. Something hits you but does no damage.
You hear some strange, mumbled words.
A puff of frost appears from out of thin air!
The puff of frost hits you!
You die...

... .. .. .#.. #####. ..
.##.## #..... .##......#
##..# # ..##..#..####<..# #
#. #.##..##.#....#)###
##.#.###{##..##...####....
#........@...###..####....
#........#...##....†......
#..>.....#.........#####..
............#.............#
##........................#
#..#.......>..............#
#.####....###..............
.. #..... #.....>.......#
...#.##.#........#....


There were no monsters in sight!

Vanquished Creatures
  An orc priest (D:3)
  Natasha (thrice) (D:2)
  An adder (D:2)
  A worm (D:2)
  2 dart slugs
  3 leopard geckos
  2 orcs (D:3)
  2 giant cockroaches (D:1)
  4 goblins
  A hobgoblin (D:1)
  2 jackals (D:1)
  2 ball pythons
  4 bats
  5 frilled lizards
  4 kobolds
  5 rats
42 creatures vanquished.

Notes
Turn   | Place    | Note
-------+----------+-------------------------------------------
     0 | D:1      | Rrauwl the Minotaur Berserker began the quest for the Orb.
     0 | D:1      | Reached XP level 1. HP: 19/19 MP: 0/0
   301 | D:1      | Reached XP level 2. HP: 27/27 MP: 1/1
   342 | D:1      | Reached skill level 4 in Long Blades
  1127 | D:2      | Noticed Natasha
  1130 | D:2      | Reached XP level 3. HP: 33/33 MP: 2/2
  1266 | D:2      | Killed Natasha
  1270 | D:2      | Reached ** piety under Trog
  1270 | D:2      | Reached XP level 4. HP: 33/40 MP: 3/3
  1295 | D:2      | Noticed Natasha
  1304 | D:2      | Killed Natasha
  1304 | D:2      | Reached skill level 5 in Long Blades
  1393 | D:2      | Noticed Natasha
  1403 | D:2      | Killed Natasha
  1609 | D:3      | Reached XP level 5. HP: 33/47 MP: 4/4
  1629 | D:3      | Killed from afar by an orc wizard

Skill      XL: |  1  2  3  4 |
---------------+-------------+-----
Fighting       | 4 |  4.4
Long Blades    | 4 5 |  5.3
Armour         | 3 |  3.4
Dodging        | 3 |  3.0
Stealth        | |  0.8
Shields        | |  0.2

Action                   |  1- 3 |  4- 6 || total
-------------------------+-------+-------++-------
Melee: Falchion          |    61 |    48 ||   109
       Headbutt          |     8 |    11 ||    19
       Unarmed           |       |     6 ||     6
  Use: Scroll            |     9 |     1 ||    10
       Potion            |     2 |     1 ||     3
  Eat: Bread ration      |     1 |       ||     1
Armor: Ring mail         |    22 |    17 ||    39
Dodge: Dodged            |    43 |     8 ||    51
Block: Other             |    18 |     1 ||    19
       Large shield      |       |    24 ||    24
       Rpst.: Falchion   |    10 |     1 ||    11
